 Dungeon Crawl Stone Soup version 0.27.1-3-gb3d3a73c9e (webtiles) character file.

Game seed: 13574048613832829784

857 belegose the Sneak (level 8, -1/74 HPs)
             Began as a Naga Abyssal Knight on Oct 18, 2021.
             Was a Believer of Lugonu.
             Slain by an orc (5 damage)
             ... on level 5 of the Dungeon.
             The game lasted 00:18:56 (5845 turns).

belegose the Sneak (Naga Abyssal Knight)            Turns: 5845, Time: 00:18:56

Health: -1/74      AC:  5    Str: 14    XL:     8   Next: 2%
Magic:  11/11      EV:  9    Int: 15    God:    Lugonu [**....]
Gold:   197        SH:  0    Dex: 11    Spells: 7/7 levels left

rFire    . . .     SeeInvis +   a - +2 flail (vorpal)
rCold    . . .     Faith    .   (no shield)
rNeg     . . .     Spirit   .   j - +1 robe {Will+}
rPois    +         Reflect  .   r - +0 helmet
rElec    .         Harm     .   (no cloak)
rCorr    .         Rampage  .   (no gloves)
Will     ++...                  (no barding)
Stlth    +++.......             (no amulet)
HPRegen  0.22/turn              (no ring)
MPRegen  0.12/turn              (no ring)

@: very slow
A: AC +2, large, see invisible, deformed body, poison resistance, slowness 2,
spit poison 1, naga tail 1
a: Spit Poison, Renounce Religion, Depart the Abyss, Bend Space


You were on level 5 of the Dungeon.
You worshipped Lugonu.
Lugonu was pleased with you.
You visited 1 branch of the dungeon, and saw 5 of its levels.
You visited the Abyss 1 time.

You collected 197 gold pieces.

Inventory:

Hand Weapons
 a - a +2 vorpal flail (weapon)
 b - a +0 hunting sling
Missiles
 e - 129 stones
 k - 3 javelins
 n - 29 sling bullets
 q - 13 poisoned darts (quivered)
Armour
 h - a +0 ring mail
 j - a +1 robe of willpower (worn)
 r - a +0 helmet (worn)
Wands
 g - a wand of mindburst (10)
 i - a wand of polymorph (4)
Scrolls
 c - 2 scrolls of teleportation
 m - 3 scrolls of fear
 p - a scroll of amnesia
 t - a scroll of magic mapping
Potions
 d - a potion of curing
 f - a potion of flight
 l - a potion of ambrosia
 o - a potion of degeneration
 s - a potion of lignification


   Skills:
 + Level 5.2 Fighting
 + Level 4.7 Maces & Flails
 - Level 1.5 Armour
 - Level 0.7 Dodging
 + Level 6.6 Stealth
 + Level 5.1 Invocations


You had 7 spell levels left.
You didn't know any spells.
Your spell library contained the following spells:

 Spells                   Type           Power      Damage    Failure   Level
 Beastly Appendage        Tmut           0%         N/A       26%         1
 Wereblood                Tmut           0%         N/A       38%         2
 Spider Form              Tmut/Pois      0%         N/A       63%         3


Dungeon Overview and Level Annotations

Branches:
Dungeon (5/15)
 Temple: D:4-7

Altars:
Uskayaw
Xom
Zin

Annotations:
D:2 1 runed translucent door, exclusion: door, Crazy Yiuf
D:4 Edmund


Innate Abilities, Weirdness & Mutations

Your serpentine skin is tough. (AC +2)
You have supernaturally acute eyesight. (SInv)
Armour fits poorly on your strangely shaped body.
Your system is resistant to poisons. (rPois)
You cover ground very slowly.
You can spit poison.
You have a snake-like lower body.


Message History

You hit the centaur.
The centaur is moderately wounded.
The centaur barely misses you. x2; The orc closely misses you.
The centaur hits you. The centaur kicks you.
You barely miss the centaur.
The centaur is moderately wounded.
The centaur hits you. The centaur barely misses you. The centaur hits you.
The centaur kicks you.
You barely miss the centaur.
The centaur is moderately wounded.
The centaur hits you but does no damage.
The centaur closely misses you. The orc hits you with a +0 flail.
* * * LOW HITPOINT WARNING * * *
The orc barely misses you.
A jelly comes into view.
You thump the centaur!
The centaur is severely wounded.
The centaur barely misses you.
The centaur kicks you but does no damage.
The orc barely misses you. The orc closely misses you. The centaur hits you.
* * * LOW HITPOINT WARNING * * *
The centaur closely misses you.
You barely miss the centaur.
The centaur is severely wounded.
The centaur hits you but does no damage.
The centaur kicks you.
* * * LOW HITPOINT WARNING * * *
The orc hits you with a +0 flail.
* * * LOW HITPOINT WARNING * * *
The orc hits you with a +0 flail.
* * * LOW HITPOINT WARNING * * *
You sock the centaur!
You kill the centaur!
Lugonu accepts your kill. The orc hits you with a +0 flail.
* * * LOW HITPOINT WARNING * * *
The orc barely misses you. The orc hits you with a +0 flail!
* * * LOW HITPOINT WARNING * * *
The orc hits you with a +0 flail.
You die...

#..... #...
.....# ....
#..#####.....##
...#
#....##........
#.. ##....†<.#
#..##..#.....#
#).).##...###
##..####..#
##..###o## ####
......o@.#
..######)...#
...## .....
....... .......
....... ......#


You could see 2 orcs.

Vanquished Creatures
  Sigmund (D:4)
  A sky beast (D:4)
  A centaur (D:5)
  A phantom (D:3)
  Blork the orc (D:3)
  2 scorpions (D:4)
  A water moccasin zombie (D:3)
  3 hounds
  Ijyb (D:3)
  Robin (D:3)
  6 adders
  An ufetubus (D:4)
  4 worms
  2 orcs
  9 ball pythons
  4 bats
  9 endoplasms
  4 giant cockroaches
  17 goblins
  6 hobgoblins
  4 jackals (D:3)
  4 quokkas
  4 frilled lizards
  6 kobolds
  25 rats
118 creatures vanquished.

Vanquished Creatures (others)
  An orc (D:5)
1 creature vanquished.

Grand Total: 119 creatures vanquished

Notes
Turn   | Place    | Note
-------+----------+-------------------------------------------
     0 | Abyss:1  | belegose the Naga Abyssal Knight began the quest for the
                  | Orb.
     0 | Abyss:1  | Reached XP level 1. HP: 21/21 MP: 2/2
    47 | Abyss:1  | Noticed a spatial maelstrom
    48 | D:1      | Escaped the Abyss
   235 | D:1      | Reached skill level 1 in Stealth
   272 | D:1      | Reached XP level 2. HP: 26/28 MP: 3/3
   312 | D:1      | Reached * piety under Lugonu
   472 | D:1      | Found a faded altar of an unknown god.
   854 | D:2      | Reached XP level 3. HP: 31/34 MP: 4/4
  1015 | D:2      | Found a glowing silver altar of Zin.
  1057 | D:2      | Reached skill level 2 in Stealth
  1565 | D:2      | Reached XP level 4. HP: 42/42 MP: 6/6
  1731 | D:2      | Reached ** piety under Lugonu
  1816 | D:2      | Reached skill level 3 in Stealth
  1926 | D:2      | Found a runed translucent door.
  1927 | D:2      | Noticed Crazy Yiuf
  2831 | D:3      | Noticed a phantom
  2849 | D:3      | Noticed Ijyb
  2863 | D:3      | Killed Ijyb
  2864 | D:3      | Reached XP level 5. HP: 45/50 MP: 7/7
  2940 | D:3      | Noticed Robin
  3332 | D:3      | Killed Robin
  3695 | D:3      | Reached skill level 4 in Stealth
  3695 | D:3      | Reached XP level 6. HP: 40/57 MP: 8/8
  4430 | D:4      | Noticed a +0 dagger
  4432 | D:4      | Noticed a +0 hand axe
  4440 | D:4      | Found a hide-covered altar of Uskayaw.
  4476 | D:4      | Reached skill level 5 in Stealth
  4521 | D:4      | Reached XP level 7. HP: 66/66 MP: 10/10
  4577 | D:4      | Noticed Sigmund
  4594 | D:4      | Killed Sigmund
  4858 | D:4      | Reached skill level 6 in Stealth
  5051 | D:4      | Reached skill level 5 in Fighting
  5308 | D:4      | Noticed Blork the orc
  5310 | D:4      | Noticed Edmund
  5332 | D:3      | Killed Blork the orc
  5336 | D:3      | Reached skill level 5 in Invocations
  5613 | D:4      | Found a shimmering altar of Xom.
  5777 | D:5      | Entered Level 5 of the Dungeon
  5809 | D:5      | Reached XP level 8. HP: 74/74 MP: 11/11
  5845 | D:5      | Slain by an orc

Illustrated notes

Levels and vault maps discovered:
D:1:      ebering_hopf_link, layout_rooms, basic_ecumenical_altar,
          kennysheep_boxes
D:2:      layout_loops_ring, basic_altar, minmay_rat_hole,
          uniq_crazy_yiuf_cottage
D:3:      layout_loops_corners, serial_glass, glass_columns_c, glass_columns_b,
          uniq_robin, uniq_ijyb
D:4:      layout_loops_corners, dancing_weapons_uskayaw, old_standard_altar,
          uniq_sigmund, uniq_edmund, uniq_blork_the_orc
D:5:      layout_cave_pools, kennysheep_little_box, kennysheep_nondescript,
          uniq_pikel

Skill      XL: |  1  2  3  4  5  6  7 |
---------------+----------------------+-----
Stealth        | 1 2 3 4 5 6 |  6.6
Invocations    | 3 4 5 |  5.1
Maces & Flails | 3 4 |  4.7
Fighting       | 4 5 |  5.2
Armour         | |  1.5
Dodging        | |  0.7

Action                   |  1- 3 |  4- 6 |  7- 9 || total
-------------------------+-------+-------+-------++-------
Melee: Mace              |   115 |    39 |       ||   154
       Flail             |       |    71 |    40 ||   111
       Unarmed           |       |     3 |       ||     3
       Club              |       |    29 |       ||    29
 Fire: Hunting sling     |       |     1 |       ||     1
Throw: Stone             |     2 |     1 |       ||     3
       Throwing net      |       |     1 |       ||     1
       Javelin           |       |     6 |       ||     6
       Dart              |       |    10 |    15 ||    25
Invok: Depart the Abyss  |     1 |       |       ||     1
       Bend Space        |       |     7 |       ||     7
 Abil: Spit Poison       |    18 |    13 |     5 ||    36
Evoke: Wand              |       |       |     2 ||     2
  Use: Scroll            |       |     1 |     5 ||     6
       Potion            |       |     5 |       ||     5
 Stab: Sleeping          |       |     3 |     4 ||     7
Armor: Leather armour    |    11 |       |       ||    11
       Robe              |    27 |    58 |    18 ||   103
Dodge: Dodged            |    59 |   103 |    40 ||   202
